 Dungeon Crawl Stone Soup version 0.30-a0-802-gb92711bcdf (webtiles) character file.

Game seed: 17059307719219368781

1818344 Datul the Metallomancer (level 27, 252/252 HPs)
             Began as a Demonspawn Transmuter on Feb 16, 2023.
             Was the Champion of Cheibriados.
             Escaped with the Orb
             ... and 3 runes on Feb 23, 2023!
             The game lasted 08:01:42 (62514 turns).

Datul the Metallomancer (Demonspawn Transmuter)    Turns: 62514, Time: 08:01:43

Health: 252/252    AC: 36    Str: 30    XL:     27
Magic:  53/58      EV: 18    Int: 42    God:    Cheibriados [******]
Gold:   3970       SH: 13    Dex: 31    Spells: 0/70 levels left

rFire   + + +      SeeInvis +      - Unarmed
rCold   + . .      Faith    .    S - +3 buckler {reflect}
rNeg    + + +      Spirit   .    (body armour currently unavailable)
rPois   ∞          Reflect  +    X - +1 helmet of Hopscotch {Int+2}
rElec   +          Harm     .    b - scarf {rC+ rF+}
rCorr   .          Rampage  .    (gloves unavailable)
Will    ++...                    (boots unavailable)
Stlth   ++                       C - amulet "Qupuum" {RegenMP rN+++ Int+2 Dex-4 Stlth+}
HPRegen 1.42/turn                Q - ring of Divine Compulsion {rPois MP+9 Dex+3}
MPRegen 0.76/turn                V - ring "Uhebymm" {rF+ SInv}

@: statue-form, studying Long Blades, very slow
A: slow and powerful, torment resistance 1, boosted hp, slimy green scales 3,
demonic guardian 3, spiny 3, corrupting presence 2, word of chaos, demonic touch
3, talons 3, thin skeletal structure 1, fire resistance 1, poison resistance,
regeneration 1, screaming 1, inability to read after injury 1
0: Orb of Zot
}: 3/15 runes: decaying, silver, gossamer
a: Word of Chaos, End Transformation, Renounce Religion, Bend Time, Temporal
Distortion, Slouch, Step From Time


You escaped.
You worshipped Cheibriados.
Cheibriados was exalted by your worship.
You were a living statue of rough stone.
You visited 10 branches of the dungeon, and saw 50 of its levels.
You also visited: Trove, Gauntlet, Ice Cave and Desolation.

You collected 6789 gold pieces.
You spent 2819 gold pieces at shops.

Inventory:

Hand Weapons
 a - the +4 rapier "Torgh" {spect, rN++ Will+++ SInv}
   (You took it off an ironbound convoker on level 1 of the Vaults)

   rN:        It greatly protects you from negative energy.
   SInv:      It lets you see invisible.
   Will:      It greatly increases your willpower.
 y - the +3 dagger "Usalitue" {elec, +Blink rPois Str-2 Dex+3}
   (You found it on level 9 of the Dungeon)

   Str:       It affects your strength (-2).
   Dex:       It affects your dexterity (+3).
   rPois:     It protects you from poison.
   +Blink:    It lets you blink.
 W - the +10 morningstar of the Piercing Gods {pain, rF++ Dex+2 Stlth-}
   (You found it on level 2 of the Vaults)

   Dex:       It affects your dexterity (+2).
   rF:        It greatly protects you from fire.
   Stlth:     It makes you less stealthy.
Armour
 b - a scarf of resistance (worn)
 c - a +2 cloak of willpower
 d - the +1 robe of Ziumon (melded) {Regen+ rCorr Dex+4}
   (You took it off a deep elf death mage on level 3 of the Elven Halls)

   Dex:       It affects your dexterity (+4).
   Regen:     It increases your rate of health regeneration.
   rCorr:     It protects you from acid and corrosion.
 S - a +3 buckler of reflection (worn)
 X - the +1 helmet of Hopscotch (worn) {Int+2}
   (You found it in the Desolation of Salt)

   Int:       It affects your intelligence (+2).
 Y - the +1 pair of boots "Quklyttiy" {Int+3}
   (You bought it in a shop on level 1 of the Elven Halls)

   Int:       It affects your intelligence (+3).
Magical Staves
 t - a staff of fire
 H - a staff of earth
Jewellery
 g - the ring of the Hare {EV+10}
   (You found it on level 3 of the Crypt)

   [ring of evasion]

   EV:        It affects your evasion (+10).
 j - the ring of Xotzeas {Will+ Int+6 Dex+3}
   (You took it off a vault sentinel on level 5 of the Vaults)

   [ring of intelligence]

   Int:       It affects your intelligence (+6).
   Dex:       It affects your dexterity (+3).
   Will:      It increases your willpower.
 A - the ring of Tidevidi {rPois rF+ rC+ rN+}
   (You found it in the Desolation of Salt)

   [ring of protection from fire]

   rF:        It protects you from fire.
   rC:        It protects you from cold.
   rPois:     It protects you from poison.
   rN:        It protects you from negative energy.
 C - the amulet "Qupuum" (around neck) {RegenMP rN+++ Int+2 Dex-4 Stlth+}
   (You bought it in a shop on level 2 of the Orcish Mines)

   [amulet of magic regeneration]

   It increases your rate of magic regeneration.
   Int:       It affects your intelligence (+2).
   Dex:       It affects your dexterity (-4).
   rN:        It renders you almost immune to negative energy.
   Stlth:     It makes you more stealthy.
 J - a ring of wizardry
 K - a ring of flight
 Q - the ring of Divine Compulsion (left fist) {rPois MP+9 Dex+3}
   (You took it off a minotaur in a Gauntlet)

   [ring of magical power]

   Dex:       It affects your dexterity (+3).
   rPois:     It protects you from poison.
   MP:        It affects your magic capacity (+9).
 V - the ring "Uhebymm" (right fist) {rF+ SInv}
   (You took it off a deep elf pyromancer on level 3 of the Elven Halls)

   [ring of protection from fire]

   rF:        It protects you from fire.
   SInv:      It lets you see invisible.
Wands
 h - a wand of roots (38)
 x - a wand of charming (9)
 D - a wand of digging (4)
 G - a wand of quicksilver (39)
Scrolls
 f - 16 scrolls of teleportation
 n - 10 scrolls of amnesia
 o - 19 scrolls of immolation
 r - 4 scrolls of blinking
 s - 3 scrolls of fear
 w - 3 scrolls of silence
 E - a scroll of poison
 N - 5 scrolls of fog
 Z - 9 scrolls of vulnerability
Potions
 i - 6 potions of attraction
 k - 25 potions of curing
 m - 3 potions of invisibility
 p - 10 potions of lignification
 q - 8 potions of flight
 z - 11 potions of brilliance
 B - a potion of mutation
 F - 16 potions of might
 I - 9 potions of heal wounds
 M - 3 potions of magic
 P - a potion of ambrosia
 R - 3 potions of resistance
Miscellaneous
 l - a phantom mirror
 u - a lightning rod (4/4)
 L - a condenser vane
 T - a tin of tremorstones (2/2)
 U - a phial of floods


   Skills:
 - Level 11.3 Fighting
 - Level 5.0 Armour
 - Level 5.8 Dodging
 - Level 13.1 Shields
 - Level 12.0 Unarmed Combat
 - Level 22.0 Spellcasting
 - Level 15.0 Conjurations
 - Level 14.6 Transmutations
 + Level 19.0 Fire Magic
 - Level 4.0 Ice Magic
 - Level 24.0 Earth Magic
 - Level 17.0 Invocations
 - Level 4.8 Evocations


You couldn't memorise any spells.
You knew the following spells:

 Your Spells              Type           Power      Damage    Failure   Level
a - Apportation           Tloc           92%        N/A       1%          1
b - Wereblood             Tmut           100%       N/A       0%          2
c - Sublimation of Blood  Necr           46%        N/A       1%          2
d - Fire Storm            Conj/Fire      56%        8d14      43%         9
e - Irradiate             Conj/Tmut      53%        3d29      1%          5
f - Fireball              Conj/Fire      56%        3d22      0%          5
g - Beastly Appendage     Tmut           100%       N/A       0%          1
i - Iron Shot             Conj/Erth      59%        9d11      1%          6
l - Lee's Rapid Deconstr  Erth           64%        3d29*     0%          5
m - Mephitic Cloud        Conj/Pois/Air  73%        N/A       1%          3
s - Shatter               Erth           64%        3d47*     2%          9
I - Ignition              Fire           58%        3d16      1%          8
L - Lehudib's Crystal Sp  Conj/Erth      59%        10d14     1%          8
S - Statue Form           Tmut/Erth      78%        N/A       1%          6

Your spell library contained the following spells:

 Spells                   Type           Power      Damage    Failure   Level
 Foxfire                  Conj/Fire      100%       2x1d9     0%          1
 Magic Dart               Conj           100%       1d8       0%          1
 Sandblast                Erth           100%       2d20      0%          1
 Searing Ray              Conj           100%       2d8       0%          2
 Ignite Poison            Fire/Tmut/Pois 96%        N/A       0%          3
 Stone Arrow              Conj/Erth      100%       3d13      0%          3
 Flame Wave               Conj/Fire      100%       2d21      0%          4
 Petrify                  Tmut/Erth      100%       N/A       0%          4
 Sticky Flame             Conj/Fire      100%       2d11      0%          4
 Kiss of Death            Conj/Necr      100%       2d13      1%          1
 Necrotise                Necr           100%       1d9       1%          1
 Sting                    Tmut/Pois      100%       1d8       1%          1
 Summon Small Mammal      Summ           100%       N/A       1%          1
 Call Imp                 Summ           46%        N/A       1%          2
 Ensorcelled Hibernation  Hex/Ice        100%       N/A       1%          2
 Lesser Beckoning         Tloc           92%        N/A       1%          2
 Momentum Strike          Conj/Tloc      100%       3d10      1%          2
 Poisonous Vapours        Pois/Air       92%        N/A       1%          2
 Static Discharge         Conj/Air       100%       2-7/arc   1%          2
 Dazzling Flash           Conj/Hex       100%       N/A       1%          3
 Frozen Ramparts          Ice            100%       1d16      1%          3
 Gell's Gravitas          Tloc           46%        N/A       1%          3
 Hailstorm                Conj/Ice       90%        3d18      1%          3
 Inner Flame              Hex/Fire       90%        N/A       1%          3
 Kindle Blastsparks       Fire/Tloc/Air  100%       2d18      1%          3
 Ozocubu's Armour         Ice            68%        N/A       1%          3
 Spider Form              Tmut/Pois      82%        N/A       1%          3
 Summon Guardian Golem    Hex/Summ       46%        N/A       1%          3
 Teleport Other           Tloc           46%        N/A       1%          3
 Vampiric Draining        Necr           46%        2d9       1%          3
 Vhi's Electric Charge    Tloc/Air       92%        N/A       1%          3
 Animate Armour           Summ/Erth      100%       N/A       1%          4
 Fulminant Prism          Conj/Hex       41%        3d19      1%          4
 Ice Form                 Ice/Tmut       90%        N/A       1%          4
 Iskenderun's Mystic Bla  Conj/Tloc      83%        2d16      1%          4
 Leda's Liquefaction      Hex/Erth       49%        N/A       1%          4
 Alistair's Intoxication  Tmut/Pois      54%        N/A       1%          5
 Arcjolt                  Conj/Air       41%        1d51      1%          5
 Blade Hands              Tmut           53%        N/A       1%          5
 Freezing Cloud           Conj/Ice/Air   39%        6-21      1%          5
 Iskenderun's Battlesphe  Conj           100%       2d15      1%          5
 Yara's Violent Unravell  Hex/Tmut       41%        3d16      1%          5
 Starburst                Conj/Fire      56%        6d15      1%          6
 Dragon Form              Tmut           53%        N/A       1%          7
 Orb of Destruction       Conj           53%        9d13      1%          7
 Summon Ice Beast         Ice/Summ       58%        N/A       2%          4
 Conjure Ball Lightning   Conj/Air       41%        3x3d13    3%          6
 Anguish                  Hex/Necr       23%        N/A       4%          4
 Cause Fear               Hex            23%        N/A       4%          4
 Manifold Assault         Tloc           46%        N/A       4%          4
 Olgreb's Toxic Radiance  Pois           46%        N/A       4%          4
 Passage of Golubria      Tloc           46%        N/A       4%          4
 Summon Lightning Spire   Summ/Air       46%        N/A       4%          4
 Eringya's Noxious Bog    Tmut/Pois      41%        N/A       4%          6
 Metabolic Englaciation   Hex/Ice        29%        N/A       6%          5
 Agony                    Necr           46%        N/A       14%         5
 Silence                  Hex/Air        23%        N/A       14%         5
 Summon Forest            Summ/Tloc      23%        N/A       14%         5
 Spellforged Servitor     Conj/Summ      41%        N/A       21%         7
 Storm Form               Tmut/Air       41%        N/A       22%         7
 Simulacrum               Ice/Necr       29%        N/A       34%         6
 Dispersal                Tloc           23%        N/A       61%         6
 Ozocubu's Refrigeration  Ice            34%        4d15      63%         7
 Enfeeble                 Hex            23%        N/A       99%         7
 Malign Gateway           Summ/Tloc      23%        N/A       99%         7
 Summon Hydra             Summ           23%        N/A       99%         7
 Discord                  Hex            23%        N/A       100%        8
 Disjunction              Tloc           23%        N/A       100%        8
 Maxwell's Capacitive Co  Air            23%        ∞         100%        8
 Summon Horrible Things   Summ           23%        N/A       100%        8
 Chain Lightning          Conj/Air       41%        3d55      100%        9
 Dragon's Call            Summ           23%        N/A       100%        9
 Polar Vortex             Ice            34%        N/A       100%        9


Dungeon Overview and Level Annotations

Branches:
Dungeon (15/15)            Temple (0/1) D:7            Lair (5/5) D:10
  Swamp (4/4) Lair:2       Spider (4/4) Lair:2        Slime (0/5) Lair:5
    Orc (2/2) D:10            Elf (3/3) Orc:2        Vaults (5/5) D:14
  Crypt (3/3) Vaults:3       Tomb (0/3) Crypt:3      Depths (4/4) D:15
    Zot (5/5) Depths:4      IceCv (visited)         Desolation (visited)
Gauntlet (visited)

Altars:
Cheibriados
Dithmenos
Kikubaaqudgha
Nemelex Xobeh
Okawaru
Sif Muna
Vehumet
Wu Jian
Yredelemnul

Shops:
D:7 *   Orc:1 *   Orc:2 ==*   Elf:1 :[!=   Elf:2 [(:   Elf:3 (   Vaults:1 ((?(
Vaults:4 *   Depths:3 ::

Portals:
Hell: Depths:1 Depths:2 Depths:3 Depths:4
Abyss: Depths:3
Pandemonium: Depths:2 Depths:4
Ziggurat: Depths:2

Annotations:
Lair:5 1 runed translucent door
Elf:2 3 runed translucent doors
Vaults:3 kairosrom117's ghost, adept MiFi
Crypt:2 1 runed translucent door, Omiorith's ghost, adept GrFi


Innate Abilities, Weirdness & Mutations

You are a living statue of rough stone.
Your actions are slow, but your melee attacks are powerful.
You are resistant to unholy torment.
Your maximum health is greatly increased.
Your equipment is partially melded.
(You are completely covered in slimy green scales. (AC +4, rPois))
A powerful demonic guardian rushes to your aid.
You are completely covered in sharp spines.
Your presence sometimes corrodes or deforms those you injure.
You can speak a Word of Chaos.
Your touch may irresistibly damage your foes and sap their willpower.
You have claws for feet.
You have a somewhat thin skeletal structure. (Dex +2, Stealth+)
Your flesh is heat resistant. (rF+)
Your system is resistant to poisons. (rPois)
Your natural rate of healing is unusually fast.
You occasionally shout uncontrollably at your foes.
You occasionally lose the ability to read scrolls when taking damage.


Message History

There is a stone staircase leading down here.
There is a stone staircase leading up here.
You climb upwards.
There is a stone staircase leading down here.
Your transformation is almost over.
MP restored: 58
(D) Dungeon (T) Temple (L) Lair (S) Swamp (N) Spider Nest (M) Slime Pits (O) Orcish Mines (E) Elven Halls (V) Vaults (C) Crypt (W) Tomb (U) Depths (H) Hell (Z) Zot
Where to? (Enter - D:1 @ (x,y), ? - help)
Okay, then.
Aiming: Dig
Press: ? - help, Shift-Dir - straight line, f - you Please select a direction to dig.
This square is covered in magical glow.
The rock shatters into small pieces.
HP restored.
You revert to your normal fleshy form.
The +1 robe of Ziumon {Regen+ rCorr Dex+4} unmelds from your body.
You now have 194/194 hp.
Aiming: Dig
Press: ? - help, Shift-Dir - straight line, f - you Please select a direction to dig.
This square is covered in magical glow.
The rock shatters into small pieces.
Casting: Iron Shot (safe; 1% risk of failure)
Confirm with . or Enter, or press ? or * to list all spells.
You turn into a living statue of rough stone.
The +1 robe of Ziumon {Regen+ rCorr Dex+4} melds into your body.
You now have 252/252 hp.
Casting: Statue Form (safe; 1% risk of failure)
Confirm with . or Enter, or press ? or * to list all spells.
The dungeon rumbles!
Ka-crash!
You now have 45/58 mp.
You regained 2 mp, and now have 47/58 mp.
You regained 2 mp, and now have 49/58 mp.
There is a staircase leading out of the dungeon here.
You regained 3 mp, and now have 52/58 mp.
You have escaped!

#.# #.# #.......# #.# #.#
#######.# #.# #.#
###...######## #.# #.#
##...#.........
#.########.#
#..#...########
...........#####
#.###..######♣~
#######).......#
##.#...#......♣
##########♣♣#♣..#..#.####~~
♣8...♣##.....##.PP #.##
#♣..♣.♣#.........~
..#...##...#♣.#.#...####(
#.......####.##.##.## #.
#.###.#.###.###.##.# #.
#.### #.##..# #.##.# #. #
#..# .###..# #.##.#####. #
##.## . #..# #.##.##.... #
##..# ## #..###..........


There were no monsters in sight!

Vanquished Creatures
  A dread lich (Crypt:3)
  4 ancient liches
  7 orbs of fire (Zot:5)
  A juggernaut (Depths:2)
  Bai Suzhen (Crypt:1)
  Boris (twice) (Depths:3 Zot:5)
  A Killer Klown (Zot:5)
  Xtahua (Vaults:5)
  A curse toe (Crypt:3)
  Nikola (Swamp:3)
  Saint Roka (Vaults:5)
  7 golden dragons
  A pandemonium lord (D:11)
  2 bone dragons (Depths:4)
  The ghost of Daydugri the Severer, an adept HOFi of Lugonu (Vaults:3)
  2 electric golems
  A hellephant (Depths:3)
  Mlioglotl (Spider:1)
  22 Orb Guardians
  An Ice Fiend (D:4)
  14 tentacled monstrosities
  Asterion (Depths:2)
  2 deep elf blademasters (Elf:3)
  4 titans
  A walking frostbound tome (Zot:2)
  8 liches
  A walking earthen tome (Zot:2)
  2 deep elf master archers (Elf:3)
  7 quicksilver dragons
  6 death cobs
  9 ancient champions
  7 sphinxes
  A thorn hunter (Swamp:3)
  13 shadow dragons
  7 tengu reavers
  5 draconian monks
  2 azure jellies (IceCv)
  17 storm dragons
  4 draconian knights
  3 revenants
  12 fire giants
  A rockslime (IceCv)
  4 narguns (Zot:2)
  5 imperial myrmidons (Desolation)
  4 frost giants
  20 vault wardens
  6 emperor scorpions (Spider:4)
  2 iron dragons
  6 draconian scorchers
  2 curse skulls
  6 ghost moths
  4 deep elf sorcerers
  2 caustic shrike zombies
  2 orc warlords
  3 draconian stormcallers
  5 deep elf elementalists
  9 ghouls
  8 draconian shifters
  20 ironbound preservers
  A caustic shrike skeleton (Crypt:3)
  4 draconian annihilators
  4 quicksilver oozes (IceCv)
  3 broodmothers
  14 stone giants
  5 green draconians
  4 war gargoyles
  15 very ugly things
  A spriggan defender (Depths:2)
  10 ironbound thunderhulks
  13 vampire knights
  2 eleionomae
  6 deep elf demonologists
  9 purple draconians
  12 black draconians
  A halazid warlock (Desolation)
  2 bunyips (shapeshifter) (Vaults:5)
  12 deep elf annihilators
  3 spark wasps (Depths:3)
  A minotaur (Gauntlet)
  8 red draconians
  18 dire elephants
  5 white draconians
  5 yellow draconians
  4 bunyips
  8 deep elf death magi
  9 ragged hierophants (Desolation)
  2 eidola
  9 fire dragons
  A merfolk impaler (Depths:3)
  A green death (Swamp:4)
  4 entropy weavers
  A shambling mangrove (Swamp:3)
  15 jiangshi
  6 ettins
  Josephine (D:12)
  5 deep elf high priests
  2 rakshasas
  35 vault guards
  20 yaktaur captains
  9 great orbs of eyes
  13 peacekeepers
  An ice dragon (Depths:1)
  2 hell beasts (Swamp:4)
  A radroach (Spider:1)
  7 servants of whispers
  7 catoblepae
  10 hydras
  12 ironbound frosthearts
  Harold (D:9)
  3 salamander tyrants (Depths:3)
  An ogre mage (Vaults:5)
  2 spriggan air magi
  13 centaur warriors
  2 spriggan skeletons (Crypt:2)
  A jorogumo (Spider:2)
  18 dancing weapons
  5 ghost crabs
  3 death knights
  Erica (D:8)
  An alligator (shapeshifter) (Vaults:5)
  11 boulder beetles
  12 death yaks (Lair:5)
  5 two-headed ogres
  2 spriggan berserkers
  8 vampire magi
  6 deep troll earth magi
  A death scarab (Crypt:1)
  3 hell hogs (D:13)
  5 tengu warriors
  4 orc high priests
  A shock serpent (shapeshifter) (Vaults:1)
  12 alligators
  2 thrashing horrors (Swamp:4)
  A soul eater (Depths:4)
  Nergalle (D:12)
  7 hell knights
  The ghost of Rudyous the Fighter, a novice MiFi of Gozag (D:7)
  Sonja (Lair:4)
  7 deep elf knights
  3 sun moths
  A shadow wraith (Vaults:5)
  3 goliath frogs
  7 iron trolls
  A glowing orange brain (Depths:4)
  3 skysharks
  A death drake (shapeshifter) (D:15)
  19 skeletal warriors
  6 pharaoh ants
  63 deep trolls
  6 spriggan druids
  7 orb spiders
  13 deep elf archers
  7 flayed ghosts
  7 lindwurms
  An obsidian statue (Gauntlet)
  30 deep elf pyromancers
  7 steelbarb worms
  9 bog bodies
  3 orange crystal statues (IceCv)
  5 swamp dragons
  9 phantasmal warriors
  A mana viper (shapeshifter) (Elf:2)
  11 orc knights
  18 ironbound convokers
  13 wizards
  22 wolf spiders
  3 orc sorcerers
  4 harpies
  6 manticores
  20 deep elf zephyrmancers
  5 necromancers
  2 cyclopes
  30 ugly things
  An oklob plant (Lair:5)
  2 will-o-the-wisps
  A faun (shapeshifter) (Vaults:5)
  A manticore (shapeshifter) (Depths:4)
  Maurice (D:8)
  22 moths of wrath
  6 elephants
  2 black mambas
  A molten gargoyle (Desolation)
  3 torpor snails
  A black mamba (shapeshifter) (Vaults:5)
  Joseph (D:10)
  7 demonic crawlers
  An alligator snapping turtle zombie (Crypt:3)
  29 vault sentinels
  A red draconian zombie (Crypt:1)
  2 guardian serpents (Desolation)
  Maggie (D:6)
  2 gargoyles
  4 unseen horrors
  9 cane toads
  8 orange demons
  A cane toad (shapeshifter) (Vaults:5)
  A swamp worm zombie (Crypt:1)
  4 rime drakes
  A komodo dragon (shapeshifter) (Elf:2)
  27 yaktaurs
  A tormentor (Zot:1)
  7 komodo dragons
  5 freezing wraiths
  5 tengu conjurers
  A yaktaur skeleton (Vaults:1)
  2 efreet
  9 meliai
  A harpy zombie (Crypt:2)
  5 trolls
  2 polar bears (Lair:5)
  A bloated husk (Swamp:4)
  7 tyrant leeches
  A hellwing (D:11)
  35 tarantellas
  8 hornets
  67 saltlings
  8 dream sheep (Lair:3)
  A radroach zombie (Crypt:3)
  17 blink frogs
  2 harpy skeletons
  A wind drake (shapeshifter) (Depths:4)
  62 slime creatures
  A slime creature (shapeshifter) (Depths:2)
  A meliai zombie (Crypt:1)
  A centaur simulacrum (D:15)
  29 jumping spiders
  An ettin skeleton (Vaults:1)
  An ettin zombie (Crypt:1)
  5 flying skulls (Crypt:1)
  An elf simulacrum (Vaults:3)
  8 water elementals
  4 shadows
  2 air elementals
  72 yaks
  3 vampires
  7 spriggans
  17 wraiths
  20 culicivoras
  A black mamba skeleton (Crypt:1)
  3 wyverns
  2 basilisks
  A slime creature zombie (Crypt:2)
  A human (shapeshifter) (Vaults:5)
  Grum (D:8)
  70 redbacks
  A steam dragon (D:9)
  4 fire elementals
  A human simulacrum (Vaults:3)
  8 wargs
  8 vampire mosquitoes
  14 swamp worms
  An acid dragon (D:14)
  A floating eye (Depths:2)
  13 water moccasins
  A deep troll zombie (Crypt:1)
  A naga skeleton (Crypt:3)
  3 two-headed ogre skeletons (Crypt:3)
  37 orc warriors
  A swamp drake (Orc:2)
  5 great orb of eyes simulacra (IceCv)
  2 sky beasts
  15 ogres
  4 ice beasts
  3 black bears
  2 dream sheep zombies (Crypt:3)
  13 wolves
  2 human skeletons
  3 phantoms
  6 slime creature simulacra (IceCv)
  A rime drake skeleton (Crypt:1)
  A torpor snail zombie (Crypt:2)
  13 bullfrogs
  6 earth elementals
  5 necrophages
  7 scorpions
  A glowing shapeshifter simulacrum (IceCv)
  9 wights (D:10)
  A warg zombie (Crypt:2)
  A queen bee zombie (Crypt:3)
  9 killer bees
  An electric eel (D:10)
  8 howler monkeys
  A crimson imp (Orc:2)
  11 hounds
  A jelly (D:4)
  22 orc priests
  3 gnoll boudas
  An iron imp (Orc:2)
  Crazy Yiuf (D:5)
  3 iguanas
  23 orc wizards
  A sky beast zombie (Crypt:2)
  A deep dwarf zombie (Crypt:2)
  17 gnolls
  9 adders
  A shadow imp (Orc:2)
  4 white imps
  An ufetubus (D:7)
  A worm (D:3)
  4 dart slugs
  80 orcs
  4 bats
  8 endoplasms
  A giant cockroach (D:2)
  6 goblins
  20 hobgoblins
  2 jackals (D:1)
  10 kobolds
  9 quokkas
  10 ball pythons
  8 frilled lizards
  A goblin zombie (Crypt:2)
  3 rats
  A foxfire (Swamp:4)
2244 creatures vanquished.

Vanquished Creatures (collateral kills)
  A walking crystal tome (Zot:2)
  An Orb Guardian (Zot:5)
  2 walking divine tomes (Zot:2)
  A tentacled monstrosity (Vaults:5)
  3 storm dragons
  A thorn hunter (Swamp:3)
  An azure jelly (IceCv)
  A deep elf sorcerer (Elf:1)
  A nargun (Zot:2)
  2 ghouls (Crypt:1)
  A quicksilver ooze (IceCv)
  A war gargoyle (Vaults:5)
  A very ugly thing (Swamp:4)
  An ironbound thunderhulk (Vaults:2)
  A deep elf annihilator (Elf:1)
  A yellow draconian (Zot:3)
  An ettin (Vaults:5)
  A deep elf high priest (Vaults:5)
  A green death (Swamp:4)
  3 great orbs of eyes
  A servant of whispers (Desolation)
  A yaktaur captain (Vaults:5)
  A hydra (Swamp:3)
  2 centaur warriors (Vaults:3)
  A radroach (Spider:3)
  A two-headed ogre (D:8)
  2 boulder beetles (Vaults:3)
  2 dancing weapons
  An orc high priest (Orc:2)
  A goliath frog (Swamp:1)
  2 deep elf archers
  A deep troll (Depths:4)
  3 orb spiders
  A wizard (Vaults:3)
  2 orc knights (Orc:2)
  3 lindwurms
  3 bog bodies
  3 deep elf pyromancers (Elf:1)
  An ugly thing (Swamp:4)
  A will-o-the-wisp (Swamp:3)
  An elephant (Lair:4)
  A moth of wrath (Zot:3)
  2 black mambas (Lair:5)
  A cane toad (Lair:4)
  2 yaktaurs
  A komodo dragon (Lair:2)
  A mana viper skeleton (Crypt:1)
  A saltling (Desolation)
  A tyrant leech (Swamp:3)
  2 slime creatures (Swamp:4)
  2 jumping spiders
  A basilisk (Lair:2)
  10 yaks
  2 redbacks
  An ice beast (D:15)
  3 orc warriors
  A black bear (D:6)
  A great orb of eyes simulacrum (IceCv)
  A necrophage (Crypt:1)
  11 orc priests
  2 orc wizards
  2 gnolls
  A white imp (D:15)
  6 orcs
116 creatures vanquished.

Vanquished Creatures (others)
  A dread lich (Vaults:5)
  A golden dragon (Zot:1)
  A draconian knight (Zot:1)
  A black draconian (Zot:1)
  A yellow draconian (Zot:1)
  An orc high priest (Orc:2)
  A deep elf knight (Elf:3)
  A deep elf pyromancer (Elf:3)
  A moth of wrath (Zot:2)
  A bloated husk (Swamp:1)
  A redback (Spider:4)
  An orc (Orc:2)
  A bush (Lair:5)
  4 foxfires
  22 fungi
  55 plants
  13 withered plants (Crypt:3)
107 creatures vanquished.

Grand Total: 2467 creatures vanquished

Notes
Turn   | Place    | Note
-------+----------+-------------------------------------------
     0 | D:1      | Datul the Demonspawn Transmuter began the quest for the
                  | Orb.
     0 | D:1      | Reached XP level 1. HP: 15/15 MP: 3/3
   252 | D:1      | Gained mutation: A weak demonic guardian rushes to your
                  | aid. [demonic ancestry]
   252 | D:1      | Reached XP level 2. HP: 21/21 MP: 3/5
   553 | D:1      | Gained mutation: You are partially covered in slimy green
                  | scales. (AC +2) [demonic ancestry]
   553 | D:1      | Reached XP level 3. HP: 19/26 MP: 3/6
   669 | D:1      | Learned a level 2 spell: Wereblood
  1015 | D:2      | Reached XP level 4. HP: 28/32 MP: 4/7
  1142 | D:2      | Got Sif Muna's Guidebook on Convocation
  1248 | D:2      | Gained mutation: Your touch may inflict minor irresistible
                  | damage on your foes. [demonic ancestry]
  1248 | D:2      | Reached XP level 5. HP: 16/37 MP: 3/8
  1579 | D:3      | Found a faded altar of an unknown god.
  1594 | D:3      | Prayed at the altar of an unknown god.
  1594 | D:3      | Became a worshipper of Cheibriados the Contemplative
  1594 | D:3      | Reached * piety under Cheibriados
  1813 | D:3      | Reached skill level 5 in Transmutations
  1813 | D:3      | Reached skill level 1 in Invocations
  2024 | D:4      | Reached ** piety under Cheibriados
  2049 | D:4      | Reached XP level 6. HP: 24/43 MP: 9/9
  2680 | D:4      | Gained mutation: A demonic guardian rushes to your aid.
                  | [demonic ancestry]
  2680 | D:4      | Reached XP level 7. HP: 48/48 MP: 8/10
  2938 | D:5      | Entered Level 5 of the Dungeon
  2945 | D:5      | Reached skill level 5 in Invocations
  2967 | D:5      | Found a sparkling altar of Nemelex Xobeh.
  3326 | D:5      | Found a runed translucent door.
  3327 | D:5      | Noticed Crazy Yiuf
  3389 | D:5      | Reached *** piety under Cheibriados
  3397 | D:5      | Gained mutation: A powerful demonic guardian rushes to your
                  | aid. [demonic ancestry]
  3397 | D:5      | Reached XP level 8. HP: 38/54 MP: 10/13
  3680 | D:5      | Killed Crazy Yiuf
  3908 | D:6      | Learned a level 4 spell: Ice Form
  4110 | D:6      | Noticed Maggie
  4128 | D:6      | Killed Maggie
  4557 | D:7      | Gained mutation: You are partially covered in sharp spines.
                  | [demonic ancestry]
  4557 | D:7      | Reached XP level 9. HP: 44/59 MP: 13/16
  4677 | D:7      | Found Touhyc's General Store.
  4810 | D:7      | Reached skill level 10 in Invocations
  4845 | D:7      | Reached **** piety under Cheibriados
  4936 | D:7      | Found a transporter.
  4941 | D:7      | Noticed Rudyous's ghost (novice MiFi)
  4942 | D:7      | Found a transporter.
  4944 | D:7      | Found a staircase to the Ecumenical Temple.
  5366 | D:8      | Noticed a two-headed ogre
  5396 | D:8      | Killed a two-headed ogre
  5435 | D:8      | Noticed Grum
  5442 | D:8      | Noticed Erica
  5446 | D:8      | Killed Grum
  5447 | D:8      | Killed Erica
  5447 | D:8      | Noticed Maurice
  5448 | D:8      | Reached skill level 10 in Transmutations
  5448 | D:8      | Reached XP level 10. HP: 38/65 MP: 7/19
  5463 | D:8      | Killed Maurice
  6039 | D:9      | Noticed Harold
  6130 | D:9      | Reached skill level 1 in Ice Magic
  6342 | D:9      | Learned a level 5 spell: Blade Hands
  6474 | D:9      | Identified the +3 dagger "Usalitue" {elec, +Blink rPois
                  | Str-2 Dex+3}
  6642 | D:9      | Noticed a gargoyle
  6651 | D:9      | Killed a gargoyle
  6750 | D:9      | Killed Harold
  7032 | D:10     | Entered Level 10 of the Dungeon
  7032 | D:10     | Noticed a two-headed ogre
  7038 | D:10     | Killed a two-headed ogre
  7183 | D:10     | Reached skill level 5 in Unarmed Combat
  7183 | D:10     | Found a staircase to the Lair.
  7205 | D:10     | Reached XP level 11. HP: 52/70 MP: 12/21
  7221 | D:10     | Reached ***** piety under Cheibriados
  7321 | D:10     | Noticed Joseph
  7459 | D:10     | Found a staircase to the Orcish Mines.
  7823 | D:10     | Killed Joseph
  7886 | Lair:1   | Entered Level 1 of the Lair of Beasts
  8138 | Lair:1   | Reached skill level 15 in Invocations
  8190 | Lair:1   | Got Sif Muna's Incunable of Subzero Arson
  9166 | Lair:2   | Noticed an eight-headed hydra
  9173 | Lair:2   | Killed a six-headed hydra
  9322 | Lair:2   | Found a hole to the Spider Nest.
  9694 | Lair:2   | Noticed a boulder beetle
  9699 | Lair:2   | Gained mutation: You are mostly covered in slimy green
                  | scales. (AC +3) [demonic ancestry]
  9699 | Lair:2   | Reached XP level 12. HP: 69/76 MP: 17/24
  9709 | Lair:2   | Killed a boulder beetle
  9803 | Lair:2   | Found a staircase to the Swamp.
 10153 | Lair:2   | Identified the +4 pair of gloves of Zigoneuf {rN+ Int+4}
 10552 | Lair:3   | Reached ****** piety under Cheibriados
 11041 | Lair:3   | Reached skill level 10 in Unarmed Combat
 11147 | Lair:4   | Reached skill level 5 in Fighting
 11299 | Lair:4   | Noticed a catoblepas
 11321 | Lair:4   | Killed a catoblepas
 11369 | Lair:4   | Noticed an eight-headed hydra
 11384 | Lair:4   | Killed a seven-headed hydra
 11390 | Lair:4   | Gained mutation: Your touch may inflict irresistible damage
                  | on your foes. [demonic ancestry]
 11390 | Lair:4   | Reached XP level 13. HP: 48/95 MP: 16/25
 11638 | Lair:4   | Noticed Sonja
 11672 | Lair:4   | Killed Sonja
 12308 | Lair:5   | Entered Level 5 of the Lair of Beasts
 13027 | Lair:5   | Found a runed translucent door.
 13028 | Lair:5   | Found a staircase to the Slime Pits.
 13066 | Lair:5   | Found a radiant altar of Vehumet.
 13098 | Lair:5   | Reached skill level 10 in Fighting
 13103 | Lair:5   | Reached skill level 1 in Armour
 13448 | Lair:5   | Reached skill level 5 in Armour
 13460 | Lair:5   | Reached XP level 14. HP: 44/110 MP: 23/26
 13725 | Lair:5   | Found an iron altar of Okawaru.
 14431 | Orc:1    | Entered Level 1 of the Orcish Mines
 14545 | Orc:1    | Found Ixtiapn's General Store.
 14616 | Orc:2    | Entered Level 2 of the Orcish Mines
 14623 | Orc:2    | Reached skill level 5 in Spellcasting
 15255 | Orc:2    | Noticed an orc warlord
 15279 | Orc:2    | Killed an orc warlord
 16067 | Orc:2    | Found a staircase to the Elven Halls.
 16646 | Orc:2    | Found Demept's Jewellery Emporium.
 16646 | Orc:2    | Found Vybraczi's Jewellery Emporium.
 16649 | Orc:2    | Found Camoematoq's Antique Armour Emporium.
 16649 | Orc:2    | Found Qimiac's Assorted Antiques.
 16660 | Orc:2    | Bought the amulet "Qupuum" {RegenMP rN+++ Int+2 Dex-4
                  | Stlth+} for 735 gold pieces
 16679 | Orc:2    | Learned a level 5 spell: Irradiate
 16685 | Orc:2    | Learned a level 5 spell: Fireball
 16817 | Orc:2    | Upgraded the game from 0.30-a0-778-g2ef04afb54 to
                  | 0.30-a0-799-g109b55a442
 16915 | D:10     | Reached skill level 1 in Fire Magic
 16947 | D:11     | Found a gate leading to a gauntlet.
 16956 | Gauntlet | Entered a Gauntlet
 16956 | Gauntlet | Found the ring of Shadows {Umbra +Inv Stlth+}
 16956 | Gauntlet | Found a transporter.
 16956 | Gauntlet | Found a transporter.
 16956 | Gauntlet | Found a transporter.
 16957 | Gauntlet | Found a transporter.
 16960 | Gauntlet | Found a transporter.
 16976 | Gauntlet | Found a transporter.
 16977 | Gauntlet | Found a transporter.
 16983 | Gauntlet | Found a transporter.
 16991 | Gauntlet | Found a transporter.
 17008 | Gauntlet | Found a transporter.
 17019 | Gauntlet | Found a transporter.
 17033 | Gauntlet | Found a transporter.
 17213 | Gauntlet | Learned a level 1 spell: Apportation
 17214 | Gauntlet | Identified the ring of Liredeap {rC+ rN+ SInv}
 17243 | Gauntlet | Identified the ring of Divine Compulsion {rPois MP+9 Dex+3}
 17740 | D:11     | Identified a scroll of acquirement
 17745 | D:11     | Learned a level 3 spell: Mephitic Cloud
 17802 | D:11     | Acquired a +2 pair of boots of stealth
 17875 | D:11     | Reached skill level 1 in Conjurations
 18013 | D:11     | Gained mutation: Your touch may irresistibly damage your
                  | foes and sap their willpower. [demonic ancestry]
 18013 | D:11     | Reached XP level 15. HP: 115/115 MP: 27/27
 18314 | D:12     | Noticed Nergalle
 18322 | D:12     | Killed Nergalle
 18769 | D:12     | Noticed Josephine
 18775 | D:12     | Killed Josephine
 18936 | D:13     | Reached skill level 1 in Shields
 20020 | D:14     | Found a gate to the Vaults.
 20355 | D:14     | Reached skill level 5 in Shields
 21029 | D:15     | Entered Level 15 of the Dungeon
 21163 | D:15     | Found a frozen archway.
 21202 | IceCv    | Entered an ice cave
 21312 | IceCv    | Upgraded the game from 0.30-a0-799-g109b55a442 to
                  | 0.30-a0-800-g7c544603b3
 21683 | IceCv    | Noticed an azure jelly
 21692 | IceCv    | Killed an azure jelly
 21733 | IceCv    | Found a viscous altar of Jiyva.
 21733 | IceCv    | Noticed an azure jelly
 21742 | IceCv    | Killed an azure jelly
 21968 | IceCv    | Noticed a rockslime
 21968 | IceCv    | Noticed an azure jelly
 21974 | IceCv    | Killed an azure jelly
 21975 | IceCv    | Killed a rockslime
 21989 | IceCv    | Identified the amulet "Caufycri" {+Inv rF- Will+ Regen+}
 21992 | IceCv    | Identified the +5 ring mail of the Vacuum {rC+}
 21994 | IceCv    | Got the Commentary on the Blizzard
 22387 | IceCv    | Identified the +1 pair of gloves "Meodghent" {Harm rF+
                  | Will-}
 22791 | D:15     | Reached XP level 16. HP: 80/122 MP: 28/28
 22950 | D:15     | Found a staircase to the Depths.
 22984 | D:15     | Reached skill level 5 in Dodging
 23167 | D:15     | Found an ornate altar of the Wu Jian Council.
 23660 | Swamp:1  | Entered Level 1 of the Swamp
 25033 | Swamp:2  | Identified the +11 short sword of Ewaavvu {freeze, rF+ rN+
                  | Str+2 Stlth-}
 25213 | Swamp:3  | Noticed a thorn hunter
 25223 | Swamp:3  | Killed a thorn hunter
 25730 | Swamp:3  | Noticed a thorn hunter
 25745 | Swamp:3  | Killed a thorn hunter
 25746 | Swamp:3  | Reached skill level 10 in Spellcasting
 25751 | Swamp:3  | Reached skill level 1 in Earth Magic
 25753 | Swamp:3  | Learned a level 6 spell: Statue Form
 26181 | Swamp:3  | Reached skill level 2 in Earth Magic
 26292 | Swamp:3  | Noticed Nikola
 26306 | Swamp:3  | Killed Nikola
 26307 | Swamp:3  | Reached skill level 3 in Earth Magic
 26745 | Swamp:4  | Entered Level 4 of the Swamp
 26856 | Swamp:4  | Reached skill level 4 in Earth Magic
 27067 | Swamp:4  | Reached skill level 5 in Earth Magic
 27642 | Swamp:4  | Gained mutation: You are mostly covered in sharp spines.
                  | [demonic ancestry]
 27642 | Swamp:4  | Reached XP level 17. HP: 121/128 MP: 31/31
 27669 | Swamp:4  | Identified the +5 trident of the Gnashing Scavenger
                  | {freeze, rPois rC+}
 27860 | Swamp:4  | Reached skill level 6 in Earth Magic
 28081 | Swamp:4  | Paralysed by a great orb of eyes for 2 turns
 28527 | Swamp:4  | Got a decaying rune of Zot
 28669 | Spider:1 | Entered Level 1 of the Spider Nest
 28680 | Spider:1 | Reached skill level 7 in Earth Magic
 28869 | Spider:1 | Noticed Mlioglotl
 28878 | Spider:1 | Killed Mlioglotl
 29112 | Spider:1 | Reached skill level 5 in Conjurations
 29296 | Spider:1 | Reached skill level 8 in Earth Magic
 29633 | Spider:1 | Identified the +5 long sword of Evisceration {heavy, Contam
                  | *Corrode rF+++ MP+9}
 30439 | Spider:2 | Reached skill level 9 in Earth Magic
 31431 | Spider:3 | Identified the +5 war axe of the Thirteen Heavens {freeze,
                  | rF+ rN+++ Dex+2}
 31719 | Spider:3 | Reached XP level 18. HP: 133/134 MP: 32/32
 32095 | Spider:3 | Reached skill level 10 in Earth Magic
 32193 | Spider:4 | Entered Level 4 of the Spider Nest
 33476 | Spider:4 | Reached skill level 10 in Conjurations
 33535 | Spider:4 | Reached skill level 11 in Earth Magic
 34166 | Spider:4 | Got a gossamer rune of Zot
 34397 | D:7      | Killed Rudyous's ghost
 34802 | Lair:5   | Learned a level 6 spell: Iron Shot
 35011 | D:14     | Acquired a staff of earth
 35020 | Vaults:1 | Entered Level 1 of the Vaults
 35371 | Vaults:1 | Found Geimoph's Antique Weapon Emporium.
 35392 | Vaults:1 | Reached skill level 12 in Earth Magic
 35527 | Vaults:1 | Found the +5 glaive of the Guard {elec, spectral, AC+5}
 35529 | Vaults:1 | Identified the +4 rapier "Torgh" {spect, rN++ Will+++ SInv}
 35818 | Vaults:1 | Reached XP level 19. HP: 140/140 MP: 30/33
 35829 | Vaults:1 | Reached skill level 10 in Shields
 36048 | Vaults:1 | Found Vaddet's Antique Weapon Shoppe.
 36050 | Vaults:1 | Found Joisanym's Antique Weapon Boutique.
 36094 | Vaults:1 | Found Coubo's Magic Scroll Emporium.
 36107 | Vaults:1 | Bought a scroll of blinking for 142 gold pieces
 36379 | Vaults:2 | Identified the +10 morningstar of the Piercing Gods {pain,
                  | rF++ Dex+2 Stlth-}
 36442 | Vaults:2 | Got Nuttorus's Catalogue of the Filthy Snowflakes
 37394 | Vaults:2 | Reached skill level 13 in Earth Magic
 38260 | Vaults:2 | Acquired Advanced Steps in Theurgy
 38509 | Vaults:3 | Found a transporter.
 38514 | Vaults:3 | Noticed Daydugri's ghost (adept HOFi)
 38514 | Vaults:3 | Noticed kairosrom117's ghost (adept MiFi)
 38522 | Vaults:3 | Found a transporter.
 38523 | Vaults:3 | Noticed a golden dragon
 38648 | Vaults:3 | Upgraded the game from 0.30-a0-800-g7c544603b3 to
                  | 0.30-a0-802-gb92711bcdf
 39073 | Vaults:3 | Gained mutation: You are completely covered in sharp
                  | spines. [demonic ancestry]
 39073 | Vaults:3 | Reached XP level 20. HP: 132/147 MP: 31/34
 39405 | Vaults:3 | Identified the +6 scale mail "Davi Guu" {Contam Harm
                  | Will+++ Int+4}
 39425 | Vaults:3 | Reached skill level 14 in Earth Magic
 40405 | Vaults:4 | Found a crumbling gateway.
 40428 | Desolati | Entered the Desolation of Salt
 40483 | Desolati | Identified the amulet "Rainipid" {Faith rElec rN+ Str+2}
 40597 | Desolati | Identified the ring "Ungoidd" {rPois rC- Will+ MP+9}
 40599 | Desolati | Identified the +1 robe of Nabyucsi {Slay+3}
 40991 | Desolati | Reached skill level 15 in Conjurations
 41109 | Desolati | Reached skill level 15 in Earth Magic
 41126 | Desolati | Identified the ring of Tidevidi {rPois rF+ rC+ rN+}
 41131 | Desolati | Got Inisyful's Codex of Reformation and Pestilence
 41137 | Desolati | Got the Precepts of Violence
 41355 | Desolati | Identified the +1 helmet of Hopscotch {Int+2}
 41369 | Desolati | Identified the amulet "Xyhegh" {rPois rC+ Will- Regen+
                  | SInv}
 41504 | Vaults:4 | Reached skill level 5 in Fire Magic
 41842 | Vaults:4 | Found Rafon's Assorted Antiques.
 41848 | Vaults:4 | Bought a scroll of summoning for 266 gold pieces
 41848 | Vaults:4 | Bought a potion of heal wounds for 140 gold pieces
 41848 | Vaults:4 | Bought a scroll of blinking for 210 gold pieces
 42077 | Vaults:4 | Reached skill level 1 in Evocations
 42267 | Vaults:4 | Gained mutation: Your presence sometimes corrodes those you
                  | injure. [demonic ancestry]
 42267 | Vaults:4 | Reached XP level 21. HP: 124/153 MP: 16/35
 42795 | Vaults:4 | Paralysed by a sphinx for 3 turns
 43226 | Elf:1    | Entered Level 1 of the Elven Halls
 43297 | Elf:1    | Found a radiant altar of Vehumet.
 43380 | Elf:1    | Found Onyjib's Distillery.
 43382 | Elf:1    | Found Luaxzuet's Jewellery Shop.
 43382 | Elf:1    | Found Puuq's Book Boutique.
 43386 | Elf:1    | Found Gooco's Armour Boutique.
 43388 | Elf:1    | Bought a potion of heal wounds for 75 gold pieces
 43388 | Elf:1    | Bought a potion of heal wounds for 75 gold pieces
 43397 | Elf:1    | Bought a book of Annihilations for 720 gold pieces
 43401 | Elf:1    | Bought the +1 pair of boots "Quklyttiy" {Int+3} for 456
                  | gold pieces
 43528 | Elf:1    | Got Paunuromp's Annotations on Force
 43624 | Elf:1    | Paralysed by an air elemental for 1 turns
 44220 | Elf:2    | Found Mummipn's Book Emporium.
 44254 | Elf:2    | Paralysed by an air elemental for 1 turns
 44448 | Elf:2    | Reached XP level 22. HP: 159/159 MP: 37/37
 44449 | Elf:2    | Gained mutation: You are completely covered in slimy green
                  | scales. (AC +4, rPois) [demonic ancestry]
 44449 | Elf:2    | Reached XP level 23. HP: 165/165 MP: 39/39
 44462 | Elf:2    | Learned a level 9 spell: Shatter
 44610 | Elf:2    | Found Baquw's Weapon Boutique.
 44614 | Elf:2    | Found Emeyskutro's Antique Armour Boutique.
 44720 | Elf:2    | Identified the +3 rapier "Addaesi" {freeze, rN+++ Dex-3
                  | SInv Stlth-}
 44785 | Elf:1    | Found a shimmering blue altar of Sif Muna.
 44787 | Elf:1    | You fall into a shaft and drop 1 floor!
 44787 | Elf:2    | Found a runed translucent gate.
 44787 | Elf:2    | Found a runed translucent gate.
 44787 | Elf:2    | Found a runed translucent gate.
 45105 | Elf:2    | Reached skill level 16 in Earth Magic
 45185 | Elf:3    | Entered Level 3 of the Elven Halls
 45259 | Elf:3    | Found Jaogibi's Weapon Shop.
 45821 | Elf:3    | Identified the ring "Uhebymm" {rF+ SInv}
 45837 | Elf:3    | Reached skill level 17 in Earth Magic
 46077 | Elf:3    | Found the +8 whip "Snakebite" {venom, curare, rPois}
 46077 | Elf:3    | Identified the +3 great mace "Otheicaa" {vamp, *Corrode rF+
                  | Int+4 SInv}
 46077 | Elf:3    | Identified the +1 robe of Ziumon {Regen+ rCorr Dex+4}
 46077 | Elf:3    | Identified the ring of Ricw {rPois rN+ Str+5 Int-5 Dex+2}
 46098 | Elf:3    | Got the Codex of Anathema and Congelation
 46129 | Elf:3    | Identified the +5 quick blade of an ossuary {antimagic,
                  | *Rage +Blink rF+ rN++}
 46137 | Elf:3    | Identified the amulet of Misauzuk {Acrobat *Corrode rC+
                  | Str+4 Slay+5}
 46141 | Elf:3    | Identified the +3 halberd "Ogre's Curse" {drain, rPois
                  | Str-2 Int+2 Stlth+}
 46517 | Depths:1 | Entered Level 1 of the Depths
 46677 | Depths:1 | Found a gateway to Hell.
 46686 | Depths:1 | Identified the +3 leather armour "Uharr" {rC+}
 47035 | Depths:1 | Reached XP level 24. HP: 172/172 MP: 27/40
 47231 | Depths:1 | Found a shadowy altar of Dithmenos.
 47501 | Depths:2 | Reached skill level 18 in Earth Magic
 47559 | Depths:2 | Noticed Asterion
 47566 | Depths:2 | Killed Asterion
 47600 | Depths:2 | Found a one-way gate leading to the halls of Pandemonium.
 47600 | Depths:2 | Found a one-way gateway to a ziggurat.
 47677 | Depths:2 | Noticed a juggernaut
 47841 | Depths:2 | Killed a juggernaut
 48247 | Depths:2 | Reached skill level 19 in Earth Magic
 48543 | Depths:3 | Found Pifrimp's Jewellery Shop.
 48543 | Depths:3 | Found Tuzoisch's Book Shoppe.
 48544 | Depths:3 | Found Kefuosat's Book Shoppe.
 48563 | Depths:3 | Found the +7 great mace "Firestarter" {flame, inner flame,
                  | rFlCloud rF++}
 48908 | Depths:3 | Found a portal to a secret trove of treasure.
 49266 | Depths:3 | Found a one-way gate to the infinite horrors of the Abyss.
 49552 | Depths:3 | Noticed Boris
 49561 | Depths:3 | Killed Boris
 49562 | Depths:3 | Reached skill level 20 in Earth Magic
 49853 | Depths:4 | Entered Level 4 of the Depths
 50589 | Depths:4 | Found a gate to the Realm of Zot.
 50909 | Depths:4 | Reached skill level 21 in Earth Magic
 51585 | Vaults:3 | Found a staircase to the Crypt.
 51592 | Crypt:1  | Entered Level 1 of the Crypt
 51831 | Crypt:1  | Noticed Bai Suzhen
 51844 | Crypt:1  | Killed Bai Suzhen
 51847 | Crypt:1  | Reached XP level 25. HP: 170/177 MP: 32/40
 52546 | Crypt:2  | Found a runed translucent door.
 52547 | Crypt:2  | Noticed Omiorith's ghost (adept GrFi)
 53083 | Crypt:3  | Entered Level 3 of the Crypt
 53223 | Crypt:3  | Reached skill level 22 in Earth Magic
 53331 | Crypt:3  | Found an ancient bone altar of Kikubaaqudgha.
 53680 | Crypt:3  | Found a staircase to the Tomb.
 53774 | Crypt:3  | Reached skill level 15 in Spellcasting
 53843 | Crypt:3  | Identified the ring of Arrival {*Slow rC+++ rN+++ Str-3
                  | Int+6}
 53902 | Crypt:3  | Found a basalt altar of Yredelemnul.
 53902 | Crypt:3  | Noticed a dread lich
 53906 | Crypt:3  | Killed a dread lich
 53961 | Crypt:3  | Found an ancient bone altar of Kikubaaqudgha.
 53966 | Crypt:3  | Identified the +0 ring mail of Duck's Teeth {rN+}
 53969 | Crypt:3  | Got the Volume of Niveous Transmogrification
 54004 | Crypt:3  | Found the ring of the Hare {EV+10}
 54004 | Crypt:3  | Found the +8 demon trident "Rift" {distort, reach+}
 54422 | Vaults:3 | Killed Daydugri's ghost
 54885 | Depths:3 | You paid a toll of +2 gold dragon scales to enter a
                  | treasure trove
 54886 | Trove    | Entered a treasure trove
 54912 | Trove    | Got Sif Muna's Elucidation of the Hexing Quarry
 54937 | Trove    | Identified the amulet of Alanue {Regen+ rCorr Str+4}
 54939 | Trove    | Identified the amulet of Law {Spirit -Cast rElec Stlth+}
 54986 | Trove    | Learned a level 5 spell: Lee's Rapid Deconstruction
 55224 | Vaults:5 | Entered Level 5 of the Vaults
 55265 | Vaults:5 | Noticed Xtahua
 55265 | Vaults:5 | Noticed an ancient lich
 55374 | Vaults:5 | Noticed Saint Roka
 55375 | Vaults:5 | Reached skill level 23 in Earth Magic
 55376 | Vaults:5 | Gained mutation: Your presence sometimes corrodes or
                  | deforms those you injure. [demonic ancestry]
 55376 | Vaults:5 | Reached XP level 26. HP: 156/184 MP: 43/43
 55376 | Vaults:5 | Killed an ancient lich
 55377 | Vaults:5 | Killed Saint Roka
 55378 | Vaults:5 | Killed Xtahua
 55381 | Vaults:5 | Noticed a dread lich
 55381 | Vaults:5 | Noticed an ancient lich
 55384 | Vaults:5 | Killed an ancient lich
 55386 | Vaults:5 | Paralysed by a dread lich for 3 turns
 55392 | Vaults:5 | Killed a dread lich
 55618 | Vaults:5 | Identified the ring of Xotzeas {Will+ Int+6 Dex+3}
 55637 | Vaults:5 | Identified the ring "Luaneuxt" {Fire Drain rPois Int+4}
 55778 | Vaults:5 | Identified the +5 short sword of Termination {pain, rPois
                  | rC+}
 55909 | Vaults:5 | Identified the +5 buckler of Proximity {Dex+5}
 56076 | Vaults:5 | Identified the +10 arbalest of the Enchanting Augurer
                  | {elec, rC++ rN+}
 56076 | Vaults:5 | Identified the +7 dagger of Hucziun {flame, rF+ rN+ Will-
                  | Int+2}
 56078 | Vaults:5 | Gained mutation: You occasionally lose the ability to read
                  | scrolls when taking damage. [mutagenic glow]
 56085 | Vaults:5 | Gained mutation: You are weak. (Str -2) [mutagenic glow]
 56102 | Vaults:5 | Identified the +5 battleaxe of the Manifold Wishes {venom,
                  | rF+}
 56103 | Vaults:5 | Gained mutation: You are clumsy. (Dex -2) [mutagenic glow]
 56108 | Vaults:5 | Identified the +1 trident of Jamesoc {protect, Stlth+}
 56129 | Vaults:5 | Got Sif Muna's Omnibus of Kinetic Energy
 56141 | Vaults:5 | Got the Thoughts on the Pyromaniac
 56436 | Vaults:5 | Got a silver rune of Zot
 56643 | Vaults:5 | Lost mutation: You are clumsy. (Dex -2) [potion of
                  | mutation]
 56643 | Vaults:5 | Lost mutation: You occasionally lose the ability to read
                  | scrolls when taking damage. [potion of mutation]
 56643 | Vaults:5 | Gained mutation: Potions are less effective at restoring
                  | your health. [potion of mutation]
 56643 | Vaults:5 | Gained mutation: You have a somewhat thin skeletal
                  | structure. (Dex +2, Stealth+) [potion of mutation]
 56643 | Vaults:5 | Gained mutation: Your system is resistant to poisons.
                  | (rPois) [potion of mutation]
 56643 | Vaults:5 | Gained mutation: You have a pair of small antennae on your
                  | head. [potion of mutation]
 56644 | Vaults:5 | Lost mutation: You have a pair of small antennae on your
                  | head. [potion of mutation]
 56644 | Vaults:5 | Lost mutation: You are weak. (Str -2) [potion of mutation]
 56644 | Vaults:5 | Gained mutation: Your spells are a little harder to cast,
                  | but a little more powerful. [potion of mutation]
 56644 | Vaults:5 | Gained mutation: You passively map a small area around you.
                  | [potion of mutation]
 56652 | Vaults:4 | Lost mutation: Your spells are a little harder to cast, but
                  | a little more powerful. [potion of mutation]
 56652 | Vaults:4 | Lost mutation: Your system is resistant to poisons. (rPois)
                  | [potion of mutation]
 56652 | Vaults:4 | Gained mutation: Your body sometimes deteriorates upon
                  | taking damage. [potion of mutation]
 56652 | Vaults:4 | Lost mutation: Potions are less effective at restoring your
                  | health. [potion of mutation]
 56906 | Zot:1    | Entered Level 1 of the Realm of Zot
 57266 | Zot:1    | Reached skill level 24 in Earth Magic
 57270 | Zot:1    | Learned a level 2 spell: Sublimation of Blood
 57279 | Zot:1    | Learned a level 8 spell: Ignition
 57289 | Zot:1    | Learned a level 8 spell: Lehudib's Crystal Spear
 57619 | Zot:1    | Reached skill level 10 in Fire Magic
 58509 | Zot:2    | Gained mutation: You can speak a Word of Chaos. [demonic
                  | ancestry]
 58509 | Zot:2    | Reached XP level 27. HP: 190/190 MP: 12/46
 60732 | Zot:5    | Entered Level 5 of the Realm of Zot
 60819 | Zot:5    | Reached skill level 15 in Fire Magic
 61319 | Zot:5    | Noticed an orb of fire
 61320 | Zot:5    | Gained mutation: You occasionally shout uncontrollably at
                  | your foes. [an orb of fire]
 61322 | Zot:5    | Gained mutation: You do not regenerate when monsters are
                  | visible. [an orb of fire]
 61323 | Zot:5    | Killed an orb of fire
 61361 | Zot:5    | Noticed an orb of fire
 61363 | Zot:5    | Gained mutation: You sometimes lose your temper in combat.
                  | [an orb of fire]
 61364 | Zot:5    | Killed an orb of fire
 61392 | Zot:5    | Lost mutation: You do not regenerate when monsters are
                  | visible. [potion of mutation]
 61392 | Zot:5    | Lost mutation: Your body sometimes deteriorates upon taking
                  | damage. [potion of mutation]
 61392 | Zot:5    | Lost mutation: You sometimes lose your temper in combat.
                  | [potion of mutation]
 61392 | Zot:5    | Gained mutation: You occasionally lose the ability to drink
                  | potions when taking damage. [potion of mutation]
 61392 | Zot:5    | Gained mutation: Your system is resistant to poisons.
                  | (rPois) [potion of mutation]
 61392 | Zot:5    | Gained mutation: Your body sometimes deteriorates upon
                  | taking damage. [potion of mutation]
 61392 | Zot:5    | Gained mutation: You have a pair of small horns on your
                  | head. [potion of mutation]
 61393 | Zot:5    | Lost mutation: Your body sometimes deteriorates upon taking
                  | damage. [potion of mutation]
 61393 | Zot:5    | Lost mutation: You occasionally lose the ability to drink
                  | potions when taking damage. [potion of mutation]
 61393 | Zot:5    | Lost mutation: You have a pair of small horns on your head.
                  | [potion of mutation]
 61393 | Zot:5    | Gained mutation: You have hidden genetic defects. [potion
                  | of mutation]
 61393 | Zot:5    | Gained mutation: You have sharp toenails. [potion of
                  | mutation]
 61430 | Zot:5    | Noticed an orb of fire
 61476 | Zot:5    | Noticed an ancient lich
 61485 | Zot:5    | Killed an ancient lich
 61487 | Zot:5    | Gained mutation: You occasionally lose the ability to read
                  | scrolls when taking damage. [an orb of fire]
 61489 | Zot:5    | Killed an orb of fire
 61588 | Zot:5    | Noticed an orb of fire
 61590 | Zot:5    | Killed an orb of fire
 61817 | Zot:5    | Noticed an orb of fire
 61818 | Zot:5    | Gained mutation: Your natural rate of healing is unusually
                  | fast. [an orb of fire]
 61819 | Zot:5    | Killed an orb of fire
 61827 | Zot:5    | Noticed an ancient lich
 61834 | Zot:5    | Gained mutation: You sometimes lose the ability to read
                  | scrolls when taking damage. [hidden defects]
 61835 | Zot:5    | Killed an ancient lich
 61870 | Zot:5    | Noticed an orb of fire
 61875 | Zot:5    | Gained mutation: Your spells are a little easier to cast,
                  | but a little less powerful. [an orb of fire]
 61876 | Zot:5    | Killed an orb of fire
 61898 | Zot:5    | Lost mutation: You have hidden genetic defects. [potion of
                  | mutation]
 61898 | Zot:5    | Lost mutation: You passively map a small area around you.
                  | [potion of mutation]
 61898 | Zot:5    | Lost mutation: Your spells are a little easier to cast, but
                  | a little less powerful. [potion of mutation]
 61898 | Zot:5    | Lost mutation: You sometimes lose the ability to read
                  | scrolls when taking damage. [potion of mutation]
 61898 | Zot:5    | Gained mutation: Your flesh is heat resistant. (rF+)
                  | [potion of mutation]
 61898 | Zot:5    | Gained mutation: You have razor-sharp toenails. [potion of
                  | mutation]
 61938 | Zot:5    | Noticed an orb of fire
 61952 | Zot:5    | Gained mutation: You have claws for feet. [an orb of fire]
 61957 | Zot:5    | Killed an orb of fire
 61974 | Zot:5    | Learned a level 9 spell: Fire Storm
 62000 | Zot:5    | Got the Orb of Zot
 62013 | Zot:5    | Noticed Boris
 62015 | Zot:5    | Killed Boris
 62066 | Zot:4    | Noticed a seraph
 62299 | D:13     | Noticed Kuuwuhus the pandemonium lord
 62326 | D:11     | Noticed Bokkaot the pandemonium lord
 62330 | D:11     | Killed Bokkaot the pandemonium lord
 62514 | D:$      | Escaped with the Orb!

Illustrated notes

Levels and vault maps discovered:
D:1:      pf_arrival_petrified_forest, layout_loops_ring, hangedman_decor_push,
          serial_bayou_pond_e
D:2:      layout_basic, minmay_pentomino_s4
D:3:      layout_rooms, basic_ecumenical_altar
D:4:      minmay_skewed_foursquare, layout_basic
D:5:      layout_cave_pools, grunt_temple_overflow_open, serial_column_ruins,
          column_ruins_open_small_water, column_ruins_open_medium,
          column_ruins_columns_corner, uniq_crazy_yiuf_cottage
D:6:      layout_basic, uniq_maggie
D:7:      layout_basic, minmay_temple_entry_drinking_statues,
          gammafunk_ghost_smash, serial_shops, nicolae_shop_advertising_works
          [nicolae_subvault_shop_adworks]
D:8:      layout_gridville, serial_glass, glass_columns_c, glass_columns_a,
          feat_on_display, due_unseen_surprise, feat_on_display, uniq_grum,
          uniq_maurice, uniq_erica
D:9:      layout_basic, uniq_harold
D:10:     layout_cave_pools, erik_lair_island, minmay_orc_entry_guard_dogs,
          minmay_sticks_and_stones, uniq_joseph
D:11:     layout_small_grid, gauntlet_entry_generic, glass_columns_b
D:12:     layout_roguey, uniq_josephine, uniq_nergalle
D:13:     layout_gridville
D:14:     layout_roguey, david_vaults_2, minmay_misc_feat_iff, grunt_tough_drop
D:15:     hangedman_depths_entry_civil_slaughter, layout_irregular_city,
          serial_ice, serial_ice_g, serial_ice_a, serial_ice_i, serial_ice_c,
          serial_ice_m, serial_ice_n, serial_ice_e,
          portal_ice_cave_entry_pillars_three, nzn_wu_jian_council_hall,
          chequers_mini_garden
Lair:1:   layout_regular_city, minmay_stone_trees_small, minmay_hedge_maze,
          grunt_megastairs_3
Lair:2:   layout_loops_ring, skrybe_swamp_entry_bodies, spider_nest_entry_a,
          nzn_sisyphean_effort, serial_bayou_shore_b
Lair:3:   layout_hall_layers, kennysheep_catoblepas_arena, serial_bayou_shore_a
Lair:4:   layout_roguey, uniq_sonja
Lair:5:   evilmike_catoblepas_cave, layout_regular_city, slime_entry_2,
          basic_altar, lemuel_oklob_altar, grunt_megastairs_5
Swamp:1:  layout_falls_marsh, evilmike_swamp_ruin_house_6
Swamp:2:  layout_basic_swamp, lemuel_altar_in_water, swamp_pool2
Swamp:3:  layout_basic_swamp, evilmike_swamp_ruin_rubble_1, uniq_nikola
Swamp:4:  swamp_vile, layout_basic_swamp
Spider:1: nicolae_spider_mines_2, uniq_mlioglotl
Spider:2: layout_spider_delve
Spider:3: layout_spider_delve, hellmonk_narrow_tunnel,
          hangedman_spider_tarantella_strand
Spider:4: grunt_spider_rune_circles, nicolae_orb_stairs
Orc:1:    cheibrodos_orc_bank, layout_caves, serial_shops, nicolae_square_shop
Orc:2:    st_orc_pillars, layout_diamond_mine, basic_altar,
          hangedman_minor_magic
Elf:1:    eino_elf_arrival_altar, layout_gridlike, minmay_elf_annihilation,
          st_stairs_3, hangedman_elf_represent, lemuel_upstairs_altar,
          minmay_shoptagon
Elf:2:    nicolae_elf_blades_crystal_corner, layout_loops_corners, serial_shops,
          shop, st_stairs_10, minmay_shop_star
Elf:3:    elf_hall, layout_gridlike, serial_shops, shop_fountains,
          einodemon_barbed_minivault, grunt_megastairs_2
Vaults:1: minmay_guarded_unrand_guard_vaults, v_misc_29,
          nicolae_vaults_ring_of_whatevers, v_misc_26, vaults_dpeg_doors,
          vaults_room_grid, ontoclasm_vaults_chip, v_misc_12,
          nicolae_vaults_alarming, layout_vaults_omnicross, serial_shops, shop,
          shop, shop, shop
Vaults:2: grunt_vaults_diagonal, nicolae_vaults_circle_grid_a,
          nicolae_vaults_twisting_passages, grunt_vaults_trifunnel,
          nicolae_vaults_diagonal_hallway_6,
          hangedman_vaults_stretched_pinwheel, ontoclasm_vaults_ring_square,
          nicolae_vaults_three_branches, ontoclasm_vaults_fault,
          vaults_room_pools, nicolae_vaults_diagonal_hallway_8,
          layout_vaults_chaotic_city
Vaults:3: nzn_ghost_randoct, nicolae_vaults_windows_and_doors_thing,
          minmay_crypt_entry_simple_box, vaults_mumra_bighexcomb, v_misc_31,
          ontoclasm_vaults_decontamination, v_misc_28, v_alt_pattern_6,
          nicolae_vaults_inception_scallops, v_alt_pattern_2,
          nicolae_vaults_network_periphery, vaults_dpeg_encased_lava,
          layout_vaults_omnibox
Vaults:4: portal_desolation_entry_nicolae_nacl, nicolae_vaults_arrows,
          grunt_vaults_bifocal, grunt_vaults_hallway_short,
          nicolae_vaults_yaktaur_gun_rack, vaults_dpeg_ring, v_misc_27,
          layout_vaults_omnigrid, serial_shops, shop
Vaults:5: serial_shops, uniq_saint_roka, uniq_margery, uniq_xtahua
Crypt:1:  layout_rooms, minivault_24, hellmonk_scarab_ruin, uniq_bai_suzhen
Crypt:2:  layout_gridlike, hellmonk_ghost_big_iron
Crypt:3:  lightli_unholy_cathedral, layout_chaotic_city,
          tomb_entry_forgotten_bobbens, basic_altar, corner_web_ring
Depths:1: layout_gridville, hell_entry, minmay_misc_feat_four_crosses,
          grunt_decor_mini_mirrors, corexii_leaking_fountain,
          nicolae_dithmenos_shadow_blocks
Depths:2: minmay_bad_star, layout_basic, enter_ziggurat_a, hell_entry,
          pan_entry, uniq_asterion
Depths:3: minmay_firetagon, layout_small_grid, pf_coc_iceberg, abyss_entry,
          nicolae_trove_entry_crystal, kennysheep_donut,
          infiniplex_staircase_zigzag_5, minmay_shop_grove,
          serial_bayou_shore_b, uniq_josephina, uniq_boris
Depths:4: grunt_zot_entry_funnels, layout_honeycomb, grunt_hell_entry_dis_old,
          hangedman_decor_growths, rand_demon_pan_entry_9, minmay_misc_feat_chi,
          reono_crystal_passage, drop_trap
Zot:1:    layout_misc_corridors
Zot:2:    layout_twisted_circle, nicolae_rock_paper_scissors
Zot:3:    layout_gridlike
Zot:4:    layout_basic, bh_zot_lava_cross
Zot:5:    layout_gridlike, grunt_ministairs_6, nicolae_lava_and_water

Skill      XL: |  1  2  3  4  5  6  7  8  9 10 11 12 13 14 15 16 17 18 19 20 21 22 23 24 25 26 27 |
---------------+----------------------------------------------------------------------------------+-----
Unarmed Combat | 3 5 8 10 12 | 12.0
Transmutations | 2 3 4 5 6 7 8 10 12 14 | 14.6
Invocations    | 2 4 6 9 12 14 16 17 | 17.0
Ice Magic      | 4 |  4.0
Fighting       | 6 10 11 | 11.3
Armour         | 5 |  5.0
Spellcasting   | 7 8 10 11 12 13 16 19 22 | 22.0
Fire Magic     | 2 6 7 12 19 | 19.0
Conjurations   | 1 4 8 11 13 15 | 15.0
Shields        | 9 11 13 | 13.1
Dodging        | 4 5 |  5.8
Earth Magic    | 5 9 12 13 15 17 21 23 24 | 24.0
Evocations     | 2 4 |  4.8

Action                     |  1- 3 |  4- 6 |  7- 9 | 10-12 | 13-15 | 16-18 | 19-21 | 22-24 | 25-27 || total
---------------------------+-------+-------+-------+-------+-------+-------+-------+-------+-------++-------
  Melee: Dagger            |    58 |   148 |   152 |    31 |    47 |    10 |       |       |       ||   446
         Headbutt          |    12 |    21 |    34 |     5 |       |       |       |       |       ||    72
         Kick              |     9 |    32 |    48 |     7 |       |       |       |       |    21 ||   117
         Unarmed           |     2 |       |       |   223 |   647 |   750 |   592 |   321 |   266 ||  2801
         Punch             |       |     3 |     4 |    10 |    66 |    78 |       |       |       ||   161
         Touch             |       |    17 |    29 |    48 |   137 |   179 |       |       |       ||   410
         Scimitar          |       |       |       |     3 |     1 |    23 |       |       |       ||    27
         Rapier            |       |       |       |       |       |       |    10 |       |       ||    10
         Morningstar       |       |       |       |       |       |       |     1 |       |       ||     1
         Staff             |       |       |       |       |       |       |       |     4 |     2 ||     6
  Throw: Dart              |     2 |     2 |       |       |     7 |    78 |       |       |       ||    89
         Throwing net      |       |       |       |       |     1 |       |       |       |       ||     1
   Cast: Beastly Appendage |    17 |    25 |    26 |     6 |       |       |       |       |       ||    74
         Wereblood         |     1 |    24 |    21 |    31 |    40 |       |       |       |       ||   117
         Blade Hands       |       |       |       |    53 |   122 |   122 |       |       |       ||   297
         Apportation       |       |       |       |       |     1 |     4 |       |     1 |     1 ||     7
         Ice Form          |       |       |       |       |       |     1 |       |       |       ||     1
         Iron Shot         |       |       |       |       |       |    40 |   208 |   181 |   285 ||   714
         Statue Form       |       |       |       |       |       |    14 |    86 |    55 |    99 ||   254
         Fireball          |       |       |       |       |       |       |    78 |    83 |    29 ||   190
         Irradiate         |       |       |       |       |       |       |    11 |    16 |    12 ||    39
         Mephitic Cloud    |       |       |       |       |       |       |       |     1 |       ||     1
         Shatter           |       |       |       |       |       |       |       |       |    53 ||    53
         Lee's Rapid Decon |       |       |       |       |       |       |       |       |    44 ||    44
         Lehudib's Crystal |       |       |       |       |       |       |       |       |    35 ||    35
         Ignition          |       |       |       |       |       |       |       |       |    10 ||    10
 Invoke: Slouch            |       |       |     2 |       |    11 |    16 |     9 |     7 |     5 ||    50
         Temporal Distorti |       |       |       |       |     2 |     2 |       |       |       ||     4
         Step From Time    |       |       |       |       |       |     2 |       |       |       ||     2
Ability: End Transformatio |       |       |       |     2 |     1 |    11 |     3 |     2 |       ||    19
  Evoke: Wand              |       |       |     2 |    22 |    16 |    18 |     1 |     2 |     7 ||    68
         Phial of floods   |       |       |       |       |     1 |     1 |     1 |     1 |       ||     4
         Lightning rod     |       |       |       |       |       |       |       |     4 |       ||     4
         Tin of tremorston |       |       |       |       |       |       |       |     2 |     3 ||     5
         Condenser vane    |       |       |       |       |       |       |       |       |     2 ||     2
         Phantom mirror    |       |       |       |       |       |       |       |       |     1 ||     1
    Use: Scroll            |       |     9 |    12 |     5 |    12 |    12 |     5 |     9 |    20 ||    84
         Potion            |       |       |     3 |     3 |     8 |    10 |     4 |     1 |    13 ||    42
   Stab: Sleeping          |     1 |     2 |       |     1 |     4 |     3 |     5 |       |       ||    16
         Held in net/web   |       |       |     1 |       |       |       |       |       |       ||     1
         Invisible         |       |       |       |     1 |       |       |       |       |       ||     1
         Distracted        |       |       |       |     1 |     4 |     4 |     2 |     2 |     2 ||    15
         Betrayed ally     |       |       |       |     1 |       |       |       |       |       ||     1
         Petrified         |       |       |       |       |     3 |       |       |       |       ||     3
         Confused          |       |       |       |       |       |       |       |     1 |       ||     1
 Armour: Robe              |    16 |    25 |    19 |       |       |       |       |     3 |     7 ||    70
         Steam dragon scal |       |       |    19 |    52 |   106 |       |       |       |       ||   177
         Skin              |       |       |     1 |       |       |    90 |   419 |   258 |   318 ||  1086
         Storm dragon scal |       |       |       |       |   149 |   416 |       |       |       ||   565
         Acid dragon scale |       |       |       |       |       |     3 |     2 |       |       ||     5
  Dodge: Dodged            |    35 |    77 |    82 |   117 |   251 |   522 |   464 |   288 |   352 ||  2188
  Block: Other             |       |       |    24 |    46 |    66 |       |       |       |       ||   136
         Reflection        |       |       |     1 |     4 |     4 |    11 |    48 |     6 |    13 ||    87
         Buckler           |       |       |       |       |       |    69 |       |   208 |   307 ||   584
         Kite shield       |       |       |       |       |       |   126 |   741 |    96 |       ||   963

Table legend: (Time is in decaauts)
 A = Elapsed time spent in this place.
 B = Non-inter-level travel time spent in this place.
 C = Inter-level travel time spent in this place.
 D = Time resting spent in this place.
 E = Time spent auto-exploring this place.
 F = Levels seen in this place.
 G = Mean time per level.
                   A        B        C        D        E       F      G
               +--------+--------+--------+--------+--------+-----+--------+
         Total | 105121 |  93165 |  11956 |  15805 |  54088 |  54 | 1946.7 |
       Dungeon |  21805 |  18171 |   3634 |   2022 |  12537 |  15 | 1453.7 |
          Lair |  11002 |   9472 |   1530 |   2100 |   5877 |   5 | 2200.4 |
         Swamp |   7073 |   6567 |    506 |   2376 |   2721 |   4 | 1768.2 |
   Spider Nest |   7917 |   7603 |    314 |   2209 |   3449 |   4 | 1979.2 |
  Orcish Mines |   3945 |   3511 |    434 |    617 |   1890 |   2 | 1972.5 |
   Elven Halls |   6294 |   5899 |    395 |    428 |   3789 |   3 | 2098.0 |
        Vaults |  17476 |  15305 |   2171 |   2400 |   8715 |   5 | 3495.2 |
         Crypt |   5224 |   4733 |    491 |    576 |   2956 |   3 | 1741.3 |
        Depths |   9689 |   8588 |   1101 |    984 |   5757 |   4 | 2422.2 |
           Zot |  10200 |   8823 |   1377 |    927 |   5359 |   5 | 2040.0 |
         Trove |    172 |    172 |      0 |      0 |     39 |   1 |  172.0 |
      Ice Cave |   1594 |   1594 |      0 |    691 |    198 |   1 | 1594.0 |
    Desolation |   2043 |   2043 |      0 |    400 |    444 |   1 | 2043.0 |
      Gauntlet |    681 |    681 |      0 |     72 |    354 |   1 |  681.0 |
               +--------+--------+--------+--------+--------+-----+--------+

Top non-repeatable levels by time:
Vaults:3: 4880 daAuts
Vaults:2: 3827 daAuts
Vaults:4: 3242 daAuts
Depths:4: 2807 daAuts
Vaults:5: 2805 daAuts
    D:14: 2800 daAuts
Depths:3: 2768 daAuts
Vaults:1: 2720 daAuts
   Zot:5: 2719 daAuts
 Swamp:3: 2688 daAuts
  Lair:4: 2477 daAuts
  Lair:5: 2472 daAuts
Depths:2: 2283 daAuts
Spider:3: 2226 daAuts
  Lair:2: 2209 daAuts
